 Dungeon Sprint DCSS version 0.31-a0-43-g46d131a48f (webtiles) character file.

Game seed: 16500170166174967386

1229 sircluck the Grappler (level 8, 0/92 HPs)
             Began as a Troll Berserker on May 18, 2023.
             Was an Elder of Trog.
             Succumbed to Sonja's curare-tipped dart
             ... in the Dungeon (Sprint I: "Red Sonja").
             The game lasted 00:02:09 (386 turns).

sircluck the Grappler (Troll Berserker)              Turns: 386, Time: 00:02:09

Health: 0/92       AC:  4    Str: 26    XL:     8   Next: 24%
Magic:  7/7        EV: 12    Int:  3    God:    Trog [****..]
Gold:   422        SH:  0    Dex: 11    Spells: 7/7 levels left

rFire   . .          .
                       - Unarmed
rCold   . . .        (no shield)
rNeg    . . .        a - +0 animal skin
rPois   .            (helmet restricted)
rElec   .            (no cloak)
rCorr   .            (gloves unavailable)
SInv    .            (boots unavailable)
Will    .....        (no amulet)
Stlth   +            (no ring)
HPRegen 1.15/turn    (no ring)
MPRegen 0.10/turn

%: no teleportation
@: lethally poisoned (0 -> -30), on berserk cooldown, slowed, very slow
A: large, unfitting armour, claws 3, regeneration 1, shaggy fur 1, tough skin 1
a: Renounce Religion, Berserk, Trog's Hand, Brothers in Arms


You were in the Dungeon.
You worshipped Trog.
Trog was greatly pleased with you.
You visited 1 branch You collected 422 gold pieces.

Inventory:

Hand Weapons
 i - a +0 giant spiked club
Missiles
 j - 7 stones (quivered)
Armour
 a - a +0 animal skin (worn)
Wands
 h - a wand of roots (5)
Potions
 c - a potion of heal wounds
 d - a potion of haste
 e - 2 potions of magic
 f - a potion of berserk rage


   Skills:
 + Level 9.3 Fighting
 + Level 8.6 Dodging
 + Level 11.7 Unarmed Combat


You had 7 spell levels left.
You didn't know any spells.
Your spell library was empty.

Dungeon Overview and Level Annotations

Branches:
Dungeon (1/1)

Altars:
Cheibriados
Dithmenos
Elyvilon
Fedhas
Gozag
Hepliaklqana
Kikubaaqudgha
Makhleb
Nemelex Xobeh
Okawaru
Qazlal
Ru
Sif Muna
Trog
Uskayaw
Vehumet
Wu Jian
Xom
Yredelemnul
Zin
The Shining One
Jiyva
Lugonu

Shops:
D *

Annotations:
D Sonja


Innate Abilities, Weirdness & Mutations

You are too large for most types of armour.
You have claws for hands.
Your natural rate of healing is unusually fast.
You are covered in fur. (AC +1)
You have tough skin. (AC +1)


Message History

Sonja barely misses you. Sonja closely misses you. Sonja barely misses you.
You miss Sonja.
Sonja is moderately wounded.
You feel very sick.
Sonja hits you with a +0 dagger of venom.
You are more poisoned.
Sonja hits you with a +0 dagger of venom.
You are more poisoned.
Sonja hits you with a +0 dagger of venom.
You are more poisoned.
Unknown command.
You completely miss Sonja.
Sonja is moderately wounded.
You feel extremely sick. Sonja barely misses you.
Sonja hits you with a +0 dagger of venom.
You are more poisoned.
Sonja closely misses you.
You closely miss Sonja.
Sonja is moderately wounded.
You are no longer berserk.
You are exhausted.
You feel as though you will be slow longer.
You feel extremely sick.
Sonja hits you with a +0 dagger of venom. x2
You are more poisoned.
Sonja closely misses you.
Blink to where?
Press: ? - help, Q - select action, (/) - cycle Dir - move target, p - Sonja
As you read the scroll of blinking, it crumbles to dust.
You feel extremely sick.
Sonja throws a curare-tipped dart.
The curare-tipped dart hits you.
You are lethally poisoned!
You have difficulty breathing.
You feel as though you will be slow longer.
* * * LOW HITPOINT WARNING * * *
You feel extremely sick.
Which direction?
You close the door.
You die...

##########################
#<.#..'..#.)'..#__#.))...#
#..').#..'..#.@'..'..#...#
#..#####'#####+#__####...+
#..####..#...#.#### #####
#..#__####..##:#
#..#_____##'#_.+
#⌠⌠#_.∩...÷..._#
####_..__##_.#'#
#_____###'#.# #######
#K###


There were no monsters in sight!

Vanquished Creatures
  2 kobold demonologists (D)
  Sigmund (D)
  A slime creature (D)
  A yak (D)
  A floating eye (D)
  An ogre (D)
  A jelly (D)
  Ijyb (D)
9 creatures vanquished.

Notes
Turn   | Place    | Note
-------+----------+-------------------------------------------
     0 | D        | sircluck the Troll Berserker began the quest for the Orb.
     0 | D        | Reached XP level 1. HP: 22/22 MP: 0/0
     1 | D        | Noticed Ijyb
     6 | D        | Killed Ijyb
     7 | D        | Reached skill level 4 in Unarmed Combat
     7 | D        | Reached XP level 2. HP: 12/31 MP: 1/1
    25 | D        | Noticed an ogre
    29 | D        | Killed an ogre
    30 | D        | Reached skill level 5 in Fighting
    30 | D        | Reached skill level 6 in Unarmed Combat
    30 | D        | Reached XP level 3. HP: 35/42 MP: 2/2
    30 | D        | Reached XP level 4. HP: 41/50 MP: 3/3
    75 | D        | Noticed Sigmund
    83 | D        | Killed Sigmund
    83 | D        | Reached ** piety under Trog
    84 | D        | Reached skill level 8 in Unarmed Combat
    84 | D        | Reached XP level 5. HP: 36/61 MP: 4/4
    84 | D        | Reached XP level 6. HP: 40/68 MP: 5/5
    96 | D        | Found a burning altar of Makhleb.
    96 | D        | Found a viscous altar of Jiyva.
    96 | D        | Found a shimmering altar of Xom.
    96 | D        | Found a corrupted altar of Lugonu.
    96 | D        | Noticed a slime creature
    98 | D        | Found an ornate altar of the Wu Jian Council.
    98 | D        | Found a shimmering blue altar of Sif Muna.
   100 | D        | Found a radiant altar of Vehumet.
   126 | D        | Found Pubil's General Store.
   126 | D        | Found an ancient bone altar of Kikubaaqudgha.
   126 | D        | Found a hazy altar of Hepliaklqana.
   126 | D        | Found a stormy altar of Qazlal.
   126 | D        | Found a hide-covered altar of Uskayaw.
   126 | D        | Found a blossoming altar of Fedhas.
   126 | D        | Found a bloodstained altar of Trog.
   126 | D        | Found an iron altar of Okawaru.
   126 | D        | Found a basalt altar of Yredelemnul.
   126 | D        | Found a glowing golden altar of the Shining One.
   126 | D        | Found a snail-covered altar of Cheibriados.
   126 | D        | Found a sacrificial altar of Ru.
   126 | D        | Found a glowing silver altar of Zin.
   126 | D        | Found a shadowy altar of Dithmenos.
   126 | D        | Found a white marble altar of Elyvilon.
   126 | D        | Noticed a yak
   131 | D        | Killed a yak
   132 | D        | Reached skill level 9 in Unarmed Combat
   132 | D        | Found an opulent altar of Gozag.
   133 | D        | Found a sparkling altar of Nemelex Xobeh.
   172 | D        | Killed a slime creature
   172 | D        | Reached *** piety under Trog
   173 | D        | Reached XP level 7. HP: 68/80 MP: 6/6
   187 | D        | Noticed a kobold demonologist
   187 | D        | Noticed a kobold demonologist
   190 | D        | Reached skill level 10 in Unarmed Combat
   193 | D        | Noticed a sun demon
   200 | D        | Noticed a chaos spawn
   201 | D        | Killed a kobold demonologist
   202 | D        | Reached skill level 11 in Unarmed Combat
   209 | D        | Killed a kobold demonologist
   209 | D        | Reached **** piety under Trog
   210 | D        | Reached XP level 8. HP: 36/92 MP: 7/7
   266 | D        | Noticed Sonja
   386 | D        | Succumbed to Sonja's curare-tipped dart

Illustrated notes

Levels and vault maps discovered:
D:        dungeon_sprint_1 [red_sonja_temple_1, red_sonja_temple_small_1]

Skill      XL: |  1  2  3  4  5  6  7 |
---------------+----------------------+-----
Fighting       | 3 5 6 8 9 |  9.3
Dodging        | 3 4 6 7 8 |  8.6
Unarmed Combat | 4 6 8 9 11 | 11.7

Action                     |  1- 3 |  4- 6 |  7- 9 || total
---------------------------+-------+-------+-------++-------
  Melee: Unarmed           |     7 |    17 |    25 ||    49
         Punch             |       |     4 |     2 ||     6
 Invoke: Berserk           |     1 |       |     2 ||     3
  Evoke: Wand              |       |       |     1 ||     1
    Use: Scroll            |       |       |     1 ||     1
         Potion            |       |       |     1 ||     1
 Armour: Animal skin       |       |     1 |     4 ||     5
  Dodge: Dodged            |       |     3 |    18 ||    21

Table legend: (Time is in decaauts)
 A = Elapsed time spent in this place.
 B = Non-inter-level travel time spent in this place.
 C = Inter-level travel time spent in this place.
 D = Time resting spent in this place.
 E = Time spent auto-exploring this place.
 F = Levels seen in this place.
 G = Mean time per level.
                   A        B        C        D        E       F      G
               +--------+--------+--------+--------+--------+-----+--------+
         Total |    405 |    405 |      0 |    158 |      1 |   1 |  405.0 |
       Dungeon |    405 |    405 |      0 |    158 |      1 |   1 |  405.0 |
               +--------+--------+--------+--------+--------+-----+--------+

Top non-repeatable levels by time:
       D: 405 daAuts
